 Dungeon Crawl Stone Soup version 0.19.0-22-gd96e5fe (webtiles) character file.

18573 dobroeutro the Unseen (level 12, -7/53 HPs)
             Began as a Spriggan Assassin on Nov 18, 2016.
             Was a Priest of Dithmenos.
             Killed from afar by an ice dragon (16 damage)
             ... with a blast of cold
             ... on level 3 of the Lair of Beasts.
             The game lasted 00:30:16 (16160 turns).

dobroeutro the Unseen (Spriggan Assassin)          Turns: 16160, Time: 00:30:16

Health: -7/53      AC: 13    Str: 10    XL:     12   Next: 28%
Magic:  0/13       EV: 27    Int: 13    God:    Dithmenos [***...]
Gold:   1052       SH:  6    Dex: 18    Spells: 0 memorised, 11 levels left

rFire  + + .     SeeInvis +     F - +4 rapier of Balance {protect, rF++ Str+3 Dex-4}
rCold  . . .     Gourm    .     x - +0 troll leather armour
rNeg   + . .     Faith    .     P - +1 buckler {reflect}
rPois  .         Spirit   +     (helmet restricted)
rElec  .         Reflect  +     d - +1 cloak
rCorr  .         Harm     .     (gloves unavailable)
MR     ++...                    (boots unavailable)
Stlth  ++++++++++               t - amulet of guardian spirit
                                w - ring of positive energy
                                S - ring of stealth

@: protection aura, wreathed by umbra, very quick
A: unfitting armour, see invisible, herbivore 3, speed 3, slow metabolism 2
a: Shadow Step, Renounce Religion


You were on level 3 of the Lair of Beasts.
You worshipped Dithmenos.
Dithmenos was most pleased with you.
You were not hungry.

You visited 4 branches of the dungeon, and saw 16 of its levels.
You also visited: Ossuary.

You collected 1052 gold pieces.

Inventory:

Hand Weapons
 b - a +1 blowgun
 F - the +4 rapier of Balance (weapon) {protect, rF++ Str+3 Dex-4}
   (You found it on level 6 of the Dungeon)

   It protects the one who uses it against injury (+AC on strike).
   It affects your strength (+3).
   It affects your dexterity (-4).
   It greatly protects you from fire.
Missiles
 e - 33 poisoned needles
 f - 10 curare-tipped needles
Armour
 d - a +1 cloak (worn)
 x - a +0 troll leather armour (worn)
 N - a +2 robe of fire resistance
 P - a +1 buckler of reflection (worn)
Jewellery
 t - an amulet of guardian spirit (around neck)
 w - a ring of positive energy (right hand)
 R - an uncursed amulet of regeneration
 S - a ring of stealth (left hand)
Wands
 v - a wand of teleportation (3/9)
 M - a wand of enslavement (6/24)
 Q - a wand of heal wounds (9/9)
Scrolls
 a - 2 scrolls of noise
 j - 10 scrolls of remove curse
 l - 4 scrolls of fear
 m - 6 scrolls of fog
 r - a scroll of enchant armour
 s - 3 scrolls of blinking
 u - 2 scrolls of amnesia
 C - 16 scrolls of identify
 E - 5 scrolls of enchant weapon
 G - 3 scrolls of immolation
 K - 2 scrolls of teleportation
 L - a scroll of magic mapping
 O - a scroll of recharging
 T - 2 scrolls of silence
Potions
 c - a potion of brilliance {unknown}
 h - 6 potions of might {unknown}
 i - 3 potions of lignification {unknown}
 k - 2 potions of cancellation {unknown}
 n - a potion of resistance {unknown}
 o - 4 potions of flight
 p - 2 potions of heal wounds {unknown}
 q - 5 potions of curing
 A - a potion of magic {unknown}
 D - a potion of mutation {unknown}
 H - 3 potions of agility
 I - a potion of haste {unknown}
Books
 z - a book of Changes

   Spells                             Type                      Level
   a - Beastly Appendage              Transmutation                1
   b - Sticks to Snakes               Transmutation                2
   c - Spider Form                    Transmutation/Poison         3
   d - Ice Form                       Ice/Transmutation            4
   e - Blade Hands                    Transmutation                5
 J - a book of Misfortune

   Spells                             Type                      Level
   a - Confusing Touch                Hexes                        1
   b - Confuse                        Hexes                        3
   c - Gell's Gravitas                Hexes/Translocation          3
   d - Petrify                        Transmutation/Earth          4
   e - Metabolic Englaciation         Hexes/Ice                    5
   f - Yara's Violent Unravelling     Hexes/Transmutation          5
Comestibles
 g - 9 bread rations


   Skills:
 - Level 1.5 Fighting
 * Level 13.7 Short Blades
 - Level 2.0 Throwing
 + Level 12.6 Dodging
 * Level 19.2 Stealth


You had 11 spell levels left.
You didn't know any spells.

Dungeon Overview and Level Annotations

Branches:
Dungeon (11/15)            Temple (1/1) D:4            Lair (3/6) D:8
  Snake (0/4) Lair:3          Orc (1/2) D:9
  Swamp: Lair:2-4    Shoals: Lair:2-4

Altars:
Ashenzari
Cheibriados
Dithmenos
Elyvilon
Fedhas
Gozag
Hepliaklqana
Kikubaaqudgha
Makhleb
Nemelex Xobeh
Okawaru
Qazlal
Ru
Sif Muna
Trog
Uskayaw
Vehumet
Xom
Yredelemnul
Zin
The Shining One

Shops:
D:10 :

Annotations:
D:1 Purgy
D:8 Prince Ribbit
Lair:1 exclusion: oklob plant


Innate Abilities, Weirdness & Mutations

You are very small and have problems with some larger weapons.
You are too small for most types of armour.
You have supernaturally acute eyesight. (SInv)
You are a herbivore.
You cover ground extremely quickly.
You need consume almost no food.


Message History

The ice dragon is moderately wounded.
You hit the ice dragon.
The ice dragon is moderately wounded.
The ice dragon bites you! The ice dragon misses you.
The ice dragon completely misses you.
You barely miss the ice dragon.
The ice dragon is moderately wounded.
The ice dragon breathes frost at you. The blast of cold hits you!
* * * LOW HITPOINT WARNING * * *
You are too injured to fight recklessly!
You are too injured to fight recklessly!
You are too injured to fight recklessly!
You are too injured to fight recklessly!
You are too injured to fight recklessly!
You enter the shallow water.
Moving in this stuff is going to be slow.
The ice dragon breathes frost at you. The blast of cold hits you!
You die...

##.# #.##..#.
#..# #.......
##..##
#.....#.
##....##
#......#
#......#
#.....##
##......#
#......#
#.......##
#.....##
#........#
#.......
##≈§.@....#
#.......
#≈≈§≈.....#
#.......
#≈≈§§≈≈..≈#
#.......
#≈≈.D≈≈≈≈≈#
#.......
##...≈≈≈≈≈≈≈#
##..#..#
#...≈≈≈≈≈≈≈#
#######
#..$$≈≈≈≈≈≈≈
#.?$$≈≈≈≈≈≈≈
#?)?≈≈≈≈≈≈≈≈


You could see an ice dragon.

Vanquished Creatures
  Erica (D:8)
  The ghost of esc the Slinger, a novice DsHu of Uskayaw (Lair:2)
  A hill giant (D:11)
  Pikel (D:8)
  An oklob plant (Lair:2)
  A cyclops (D:11)
  A black mamba (Lair:1)
  A spiny frog (Lair:3)
  Psyche (D:8)
  5 komodo dragons (Lair:2)
  A troll (D:11)
  3 two-headed ogres
  3 hippogriffs
  Sigmund (D:3)
  5 spriggans (Lair:1)
  2 wraiths (D:11)
  Grum (D:8)
  A water elemental (D:11)
  2 wyverns
  12 yaks
  A hungry ghost (D:9)
  2 steam dragons (D:11)
  Edmund (D:6)
  5 water moccasins
  2 porcupines
  A slave (D:8)
  2 orc warriors (D:7)
  3 black bears
  2 phantoms
  A sky beast (D:7)
  16 wolves
  The ghost of Kenran the Insei, an amateur DgTm (D:3)
  2 ogres
  7 centaurs
  3 crocodiles
  3 big kobolds
  Blork the orc (D:5)
  10 bullfrogs
  3 elf zombies (Ossuary)
  A gnoll sergeant (D:7)
  5 scorpions
  5 killer bees (D:8)
  3 wights (D:8)
  6 howler monkeys
  A crimson imp (D:10)
  5 centaur zombies
  3 gnoll shamans (D:7)
  5 hounds
  2 jellies
  7 orc priests
  10 orc wizards
  Jessica (D:3)
  A bullfrog skeleton (D:8)
  2 centaur skeletons
  8 iguanas
  Ijyb (D:2)
  Natasha (twice) (D:2)
  4 worker ants
  2 hound zombies
  2 hound skeletons (D:4)
  3 mummies (Ossuary)
  2 worker ant zombies
  8 adders
  7 gnolls (D:7)
  3 oozes
  6 adder zombies (Ossuary)
  2 adder skeletons
  5 worms
  3 leopard geckos
  45 orcs
  11 giant cockroaches
  A gnoll zombie (Ossuary)
  4 goblins
  15 hobgoblins
  7 jackals
  5 quokkas
  A ball python (D:6)
  7 bats
  A frilled lizard (D:1)
  2 goblin zombies (Ossuary)
  4 hobgoblin zombies (Ossuary)
  A jackal zombie (Ossuary)
  16 kobolds
  2 kobold zombies (Ossuary)
  2 orc zombies (Ossuary)
  A quokka skeleton (D:4)
  5 quokka zombies (Ossuary)
  7 rats
  4 rat zombies (Ossuary)
  A plant (Lair:1)
368 creatures vanquished.

Vanquished Creatures (collateral kills)
  An orc (D:9)
1 creature vanquished.

Vanquished Creatures (others)
  3 slaves (D:8)
  An orc wizard (D:4)
  An orc (D:9)
  3 plants (Lair:1)
  4 toadstools (D:1)
12 creatures vanquished.

Grand Total: 381 creatures vanquished

Notes
Turn   | Place    | Note
-------+----------+-------------------------------------------
     0 | D:1      | dobroeutro the Spriggan Assassin began the quest for the Orb.
     0 | D:1      | Reached XP level 1. HP: 10/10 MP: 2/2
    81 | D:1      | Reached skill level 6 in Stealth
   224 | D:1      | Reached XP level 2. HP: 14/14 MP: 3/3
   788 | D:2      | Noticed Natasha
   805 | D:2      | Killed Natasha
   805 | D:2      | Reached skill level 7 in Stealth
   805 | D:2      | Reached XP level 3. HP: 2/18 MP: 4/4
  1281 | D:2      | Found a shattered altar of Ashenzari.
  1376 | D:2      | Noticed Ijyb
  1383 | D:2      | Killed Ijyb
  1383 | D:2      | Reached XP level 4. HP: 22/22 MP: 5/5
  1419 | D:2      | Noticed Natasha
  1459 | D:2      | Killed Natasha
  1661 | D:3      | Noticed Jessica
  1673 | D:3      | Killed Jessica
  1673 | D:3      | Reached XP level 5. HP: 23/25 MP: 6/6
  1686 | D:3      | Noticed Sigmund
  1723 | D:3      | Killed Sigmund
  1723 | D:3      | Reached skill level 8 in Stealth
  1723 | D:3      | Reached XP level 6. HP: 21/30 MP: 7/7
  1821 | D:3      | Noticed Purgy
  2197 | D:2      | Noticed Purgy
  2197 | D:2      | Purgy changed into Purgy the fire bat
  2438 | D:3      | Noticed Kenran's ghost (amateur DgTm)
  2595 | D:3      | Killed Kenran's ghost
  2595 | D:3      | Reached skill level 5 in Short Blades
  2595 | D:3      | Reached skill level 9 in Stealth
  3012 | D:4      | Found a staircase to the Ecumenical Temple.
  3018 | D:4      | Reached XP level 7. HP: 31/33 MP: 8/8
  3021 | Temple   | Entered the Ecumenical Temple
  3685 | D:4      | Reached skill level 5 in Dodging
  3685 | D:4      | Reached skill level 10 in Stealth
  3992 | D:5      | Entered Level 5 of the Dungeon
  4399 | D:5      | Reached XP level 8. HP: 37/37 MP: 9/9
  4545 | D:5      | Noticed Blork the orc
  4560 | D:5      | Killed Blork the orc
  4560 | D:5      | Reached skill level 11 in Stealth
  4765 | D:6      | Got a scorched rapier
  4766 | D:6      | Identified the +4 rapier of Balance {protect, rF++ Str+3 Dex-4} (You found it on level 6 of the Dungeon)
  4800 | D:6      | Found a hide-covered altar of Uskayaw.
  4803 | D:6      | Found a basalt altar of Yredelemnul.
  5103 | D:6      | Noticed Edmund
  5108 | D:6      | Killed Edmund
  5399 | D:7      | Reached skill level 12 in Stealth
  5439 | D:7      | Found a sparkling altar of Nemelex Xobeh.
  5440 | D:7      | Found an opulent altar of Gozag.
  5495 | D:7      | Found a shimmering altar of Xom.
  5495 | D:7      | Found a shimmering altar of Xom.
  5495 | D:7      | Found a shimmering altar of Xom.
  5495 | D:7      | Found a shimmering altar of Xom.
  5495 | D:7      | Found a shimmering altar of Xom.
  5495 | D:7      | Found a shimmering altar of Xom.
  5495 | D:7      | Found a shimmering altar of Xom.
  5495 | D:7      | Found a shimmering altar of Xom.
  5505 | D:7      | Found a snail-covered altar of Cheibriados.
  5517 | D:7      | Found a sand-covered staircase.
  5521 | Ossuary  | Entered an ossuary
  5928 | Ossuary  | Reached XP level 9. HP: 33/41 MP: 10/10
  6076 | D:7      | Found a white marble altar of Elyvilon.
  6189 | D:7      | Found a shimmering altar of Xom.
  6237 | D:7      | Reached skill level 13 in Stealth
  6802 | D:7      | Noticed a troll
  7083 | D:7      | Reached skill level 14 in Stealth
  7268 | D:7      | Noticed a wind drake
  7480 | D:7      | Noticed a manticore
  7481 | D:7      | Noticed a merfolk
  7481 | D:7      | a floating eye changed into a merfolk
  7547 | D:7      | Reached skill level 10 in Short Blades
  7724 | D:7      | Noticed an elephant
  7726 | D:7      | Noticed a ghost crab
  8086 | D:8      | Noticed a death yak
  8087 | D:8      | Noticed Erica
  8087 | D:8      | Found a staircase to the Lair.
  8088 | D:8      | Noticed Grum
  8173 | D:8      | Killed Erica
  8173 | D:8      | Reached XP level 10. HP: 46/46 MP: 11/11
  8208 | D:8      | Killed Grum
  8336 | D:7      | Reached skill level 15 in Stealth
  8556 | D:8      | Noticed Psyche
  8573 | D:8      | Paralysed by Psyche for 5 turns
  8581 | D:8      | Killed Psyche
  8968 | D:8      | Noticed Pikel
  9068 | D:8      | Reached skill level 10 in Dodging
  9105 | D:8      | Killed Pikel
  9418 | D:8      | Noticed Prince Ribbit
  9978 | D:9      | Reached skill level 16 in Stealth
 10021 | D:9      | Found a staircase to the Orcish Mines.
 10043 | D:9      | HP: 2/46 [orc priest/divine providence (9)]
 10364 | D:9      | Found a shadowy altar of Dithmenos.
 10377 | D:9      | Became a worshipper of Dithmenos the Shadowed
 10381 | D:9      | Noticed a cyan ugly thing
 10409 | D:9      | Identified the Catalogue of Blistering Intoxication
 10903 | Orc:1    | Entered Level 1 of the Orcish Mines
 10928 | D:10     | Entered Level 10 of the Dungeon
 11104 | D:10     | Found Yrioqeyxt's Book Shoppe.
 11262 | D:10     | Identified a scroll of acquirement
 11293 | D:10     | Reached * piety under Dithmenos
 11545 | D:11     | Reached XP level 11. HP: 49/49 MP: 12/12
 11926 | D:11     | Reached skill level 17 in Stealth
 12008 | D:11     | Noticed a hill giant
 12032 | D:11     | Killed a hill giant
 12658 | Lair:1   | Entered Level 1 of the Lair of Beasts
 12851 | Lair:1   | Reached ** piety under Dithmenos
 13384 | Lair:1   | Noticed an oklob plant
 13872 | Lair:1   | Reached skill level 18 in Stealth
 14451 | Lair:2   | Noticed esc's ghost (novice DsHu)
 14596 | Lair:2   | Killed esc's ghost
 14663 | Lair:2   | Noticed an oklob plant
 14670 | Lair:2   | Killed an oklob plant
 14670 | Lair:2   | Reached XP level 12. HP: 49/53 MP: 13/13
 15586 | Lair:3   | Reached skill level 19 in Stealth
 15700 | Lair:3   | Reached *** piety under Dithmenos
 15850 | Lair:3   | Found a staircase to the Snake Pit.
 16138 | Lair:3   | Noticed an ice dragon
 16160 | Lair:3   | Killed from afar by an ice dragon

Skill      XL: |  1  2  3  4  5  6  7  8  9 10 11 12 |
---------------+-------------------------------------+-----
Stealth        | 6 7 8 9 10 12 14 16 18 19 | 19.2
Short Blades   | 3 4 5 6 8 10 11 13 | 13.7
Dodging        | 2 3 4 5 7 9 10 12 | 12.6
Fighting       | |  1.5
Throwing       | |  2.0

Action                   |  1- 3 |  4- 6 |  7- 9 | 10-12 || total
-------------------------+-------+-------+-------+-------++-------
Melee: Dagger            |   119 |   145 |   167 |       ||   431
       Rapier            |       |       |   409 |  1073 ||  1482
 Fire: Blowgun           |     2 |    31 |     3 |       ||    36
Evoke: Wand              |       |     9 |     5 |     9 ||    23
  Use: Scroll            |       |       |     6 |    12 ||    18
       Potion            |       |       |     2 |     1 ||     3
 Stab: Sleeping          |    10 |    14 |    37 |    29 ||    90
       Distracted        |     1 |       |     6 |     6 ||    13
       Paralysed         |       |     1 |     1 |       ||     2
  Eat: Royal jelly       |       |       |     1 |       ||     1
       Bread ration      |       |       |     1 |     2 ||     3
Armor: Robe              |    19 |    14 |    66 |    72 ||   171
       Troll leather arm |       |       |       |    10 ||    10
Dodge: Dodged            |   102 |   121 |   427 |   670 ||  1320
Block: Buckler           |       |       |       |   144 ||   144
